 Dungeon Crawl Stone Soup version 0.30-a0-830-gfe289a77b0 (webtiles) character file.

Game seed: 18013332244493348991

66 cforsyth the Sneak (level 4, -7/28 HPs)
             Began as a Kobold Brigand on Feb 28, 2023.
             Killed from afar by an orc wizard (8 damage)
             ... with a magic dart
             ... on level 2 of the Dungeon.
             The game lasted 00:02:55 (1948 turns).

cforsyth the Sneak (Kobold Brigand)                 Turns: 1948, Time: 00:02:56

Health: -7/28      AC:  3    Str:  8    XL:     4   Next: 37%
Magic:  4/4        EV: 15    Int: 12    God:
Gold:   92         SH:  0    Dex: 18    Spells: 3/3 levels left

rFire   . . .      SeeInvis .    a - +2 dagger
rCold   . . .      Faith    .    (no shield)
rNeg    . . .      Spirit   .    b - +0 robe
rPois   .          Reflect  .    (no helmet)
rElec   .          Harm     .    c - +0 cloak
rCorr   .          Rampage  .    (no gloves)
Will    .....                    (no boots)
Stlth   ++++                     (no amulet)
HPRegen 0.24/turn                (no ring)
MPRegen 0.09/turn                (no ring)

@: no status effects
A: small, no large weapons, nightstalker 3
a: no special abilities


You were on level 2 of the Dungeon.
You visited 1 branch of the dungeon, and saw 3 of its levels.

You collected 92 gold pieces.

Inventory:

Hand Weapons
 a - a +2 dagger (weapon)
Missiles
 d - 14 poisoned darts (quivered)
 e - 3 curare-tipped darts
Armour
 b - a +0 robe (worn)
 c - a +0 cloak (worn)
Scrolls
 f - 2 scrolls of identify {unknown}
 h - a scroll of torment {unknown}
 m - a scroll of teleportation {unknown}
Potions
 g - a potion of attraction {unknown}
 i - a potion of degeneration {unknown}
 j - 2 potions of might {unknown}
 k - a potion of magic {unknown}
 l - a potion of heal wounds {unknown}
 n - a potion of brilliance {unknown}


   Skills:
 + Level 3.0 Fighting
 + Level 3.7 Short Blades
 - Level 2.1 Throwing
 + Level 2.4 Dodging
 + Level 6.0 Stealth


You had 3 spell levels left.
You didn't know any spells.
Your spell library was empty.

Dungeon Overview and Level Annotations

Branches:
Dungeon (3/15)

Altars:
Okawaru

Annotations:
D:2 1 runed translucent door, Crazy Yiuf


Innate Abilities, Weirdness & Mutations

You are small and have problems with some larger weapons.
You are completely attuned to the shadows.


Message History

You kill the orc!
The orc wizard casts a spell at you. You resist with some effort.
There is a stone staircase leading down here.
Things that are here:
a +0 flail; an orc corpse You closely miss the orc wizard.
The orc wizard is moderately wounded.
The orc wizard points at you and mumbles some strange words.
You resist with some effort.
You hit the orc wizard.
The orc wizard is heavily wounded.
The orc wizard hits you but does no damage.
You barely miss the orc wizard.
The orc wizard is heavily wounded.
The orc wizard hits you but does no damage.
You hit the orc wizard.
The orc wizard is heavily wounded.
The orc wizard casts a spell.
The orc wizard flickers and vanishes!
Deactivating autopickup; reactivate with Ctrl-A.
You hit something. You miss something. Something hits you.
You barely miss something.
You hear some strange, mumbled words.
A puff of flame appears from out of thin air!
The puff of flame misses you.
You hit something. Something hits you.
You hit something. Something hits you but does no damage.
You miss something. You miss something.
You hear some strange, mumbled words.
A puff of flame appears from out of thin air!
The puff of flame hits you!
* * * LOW HITPOINT WARNING * * *
You barely miss something.
You hear some strange, mumbled words.
A magic dart appears from out of thin air!
The magic dart hits you!
You die...

#...##......# ##'## #.##>##
##...##..##.## ##...## #.##...
.##...##..#..# ##.....## #......
..##.8.##....# ##.......######.##
...##+####...###.........####....
.........................+.......
.#######................)##......
.# #......###{.......####..... .#
#..##### #@#.....## ##.... .#
#..# #.##...## ##.## .#
####..#######.###+## #.# .#
#.............# #.# #.# ##
#.##.###.###### #.# #######.# #
#.##.###.########.###.......# #
#.##..................####### #
#.######.######.....### #
#........# ##...##


There were no monsters in sight!

Vanquished Creatures
  An adder (D:2)
  3 worms (D:2)
  3 dart slugs (D:2)
  2 orcs
  A bat (D:1)
  3 giant cockroaches
  2 goblins (D:2)
  6 hobgoblins
  2 quokkas (D:1)
  7 ball pythons
  7 kobolds
  A rat (D:2)
38 creatures vanquished.

Notes
Turn   | Place    | Note
-------+----------+-------------------------------------------
     0 | D:1      | cforsyth the Kobold Brigand began the quest for the Orb.
     0 | D:1      | Reached XP level 1. HP: 12/12 MP: 1/1
   483 | D:1      | Reached XP level 2. HP: 18/18 MP: 2/2
   715 | D:2      | Reached XP level 3. HP: 9/22 MP: 3/3
   971 | D:2      | Noticed a great orb of eyes
   972 | D:2      | Found a faded altar of an unknown god.
   972 | D:2      | Noticed a golden eye
  1124 | D:2      | Noticed a golden eye
  1127 | D:2      | Noticed a shining eye
  1384 | D:2      | Reached XP level 4. HP: 27/27 MP: 4/4
  1483 | D:2      | Found a runed translucent door.
  1486 | D:2      | Noticed Crazy Yiuf
  1563 | D:2      | Reached skill level 6 in Stealth
  1719 | D:2      | Found an iron altar of Okawaru.
  1947 | D:2      | HP: 1/28 [something/puff of flame (10)]
  1948 | D:2      | Killed from afar by an orc wizard

Illustrated notes

Levels and vault maps discovered:
D:1:      erik_arrival_triangle_large, layout_loops_ring
D:2:      layout_loops_corners, basic_altar,
          hellmonk_ecumenical_altar_watching_god, grunt_decor_arrowhead,
          uniq_crazy_yiuf_cottage
D:3:      layout_basic, uniq_grinder

Skill      XL: |  1  2  3  4 |
---------------+-------------+-----
Short Blades   | 3 |  3.7
Dodging        | 2 |  2.4
Fighting       | 3 |  3.0
Stealth        | 6 |  6.0
Throwing       | |  2.1

Action                     |  1- 3 |  4- 6 || total
---------------------------+-------+-------++-------
  Melee: Dagger            |    77 |    26 ||   103
   Stab: Sleeping          |    16 |     7 ||    23
 Armour: Robe              |     6 |     3 ||     9
  Dodge: Dodged            |    32 |     9 ||    41

Table legend: (Time is in decaauts)
 A = Elapsed time spent in this place.
 B = Non-inter-level travel time spent in this place.
 C = Inter-level travel time spent in this place.
 D = Time resting spent in this place.
 E = Time spent auto-exploring this place.
 F = Levels seen in this place.
 G = Mean time per level.
                   A        B        C        D        E       F      G
               +--------+--------+--------+--------+--------+-----+--------+
         Total |   1932 |   1876 |     56 |    177 |   1439 |   3 |  644.0 |
       Dungeon |   1932 |   1876 |     56 |    177 |   1439 |   3 |  644.0 |
               +--------+--------+--------+--------+--------+-----+--------+

Top non-repeatable levels by time:
     D:2: 1217 daAuts
     D:1: 703 daAuts
     D:3: 11 daAuts
